 Dungeon Sprint DCSS version 0.26-a0-652-gafc20e3620 (webtiles) character file.

Game seed: 11042597643466878368

189 mhtbhm the Slicer (level 6, -4/44 HPs)
             Began as a Kobold Berserker on Oct 1, 2020.
             Was a Priest of Trog.
             Killed from afar by a white imp (11 damage)
             ... with a puff of frost
             ... in the Dungeon (Sprint IX: "|||||||||||||||||||||||||||||").
             The game lasted 00:00:19 (88 turns).

mhtbhm the Slicer (Kobold Berserker)                  Turns: 88, Time: 00:00:19

Health: -4/44      AC:  2    Str: 17    XL:     6   Next: 0%
Magic:  6/6        EV: 18    Int:  8    God:    Trog [***...]
Gold:   0          SH:  0    Dex: 14    Spells: 5/5 levels left

rFire    . . .     SeeInvis .   a - +0 short sword
rCold    . . .     Faith    .   (shield restricted)
rNeg     . . .     Spirit   .   b - +0 animal skin
rPois    .         Reflect  .   (no helmet)
rElec    .         Harm     .   (no cloak)
rCorr    .         Rampage  .   (no gloves)
MR       .....     NoTele   +   (no boots)
Stlth    ++........             (no amulet)
HPRegen  0.14/turn              (no ring)
MPRegen  0.10/turn              (no ring)

@: berserk cooldown, slowed, very slow
A: small, nightstalker 3
a: Berserk, Trog's Hand, Renounce Religion


You were in the Dungeon.
You worshipped Trog.
Trog was most pleased with you.
You visited 1 branch

Inventory:

Hand Weapons
 a - a +0 short sword (weapon)
Armour
 b - a +0 animal skin (worn)
Scrolls
 h - a scroll of blinking
Potions
 c - a potion of curing
 e - a potion of haste
 f - 2 potions of magic
 g - a potion of berserk rage


   Skills:
 + Level 8.0 Fighting
 + Level 9.9 Short Blades
 + Level 3.3 Armour
 + Level 5.7 Dodging


You had 5 spell levels left.
You didn't know any spells.
Your spell library was empty.

Dungeon Overview and Level Annotations

Branches:
Dungeon (1/1)

Altars:


Innate Abilities, Weirdness & Mutations

You are small and have problems with some larger weapons.
You are completely attuned to the shadows.


Message History

You barely miss the white imp.
The white imp is moderately wounded.
The white imp completely misses you.
You hit the white imp but do no damage.
The white imp is moderately wounded.
The white imp barely misses you.
You barely miss the white imp.
The white imp is moderately wounded.
The white imp gestures at you. The puff of frost misses you.
You hit the white imp but do no damage.
The white imp is moderately wounded.
The white imp gestures at you. The puff of frost hits you!
* * * LOW HITPOINT WARNING * * *
You hit the white imp.
The white imp is heavily wounded.
The white imp gestures at you. The puff of frost hits you!
You die... ▓▓▓▓▓▓▓▓▓▓▓▓▓▓▓▓▓ ..Z5@'....†'...<▓ ▓▓▓▓▓▓▓▓▓▓▓▓▓▓▓▓▓

You could see a white imp and an adder zombie.

Vanquished Creatures
  A phantom (D)
  An ogre (D)
  An ufetubus (D)
  A giant cockroach (D)
  2 hobgoblins (D)
  A frilled lizard (D)
  A rat (D)
8 creatures vanquished.

Notes
Turn   | Place    | Note
-------+----------+-------------------------------------------
     0 | D        | mhtbhm the Kobold Berserker began the quest for the Orb.
     0 | D        | Reached XP level 1. HP: 14/14 MP: 1/1
    14 | D        | Reached ** piety under Trog
    49 | D        | Noticed a phantom
    56 | D        | Reached skill level 5 in Short Blades
    56 | D        | Reached XP level 2. HP: 18/20 MP: 2/2
    57 | D        | Noticed an ogre
    67 | D        | Killed a phantom
    67 | D        | Reached *** piety under Trog
    67 | D        | Reached skill level 8 in Short Blades
    67 | D        | Reached XP level 3. HP: 8/28 MP: 3/3
    67 | D        | Reached XP level 4. HP: 9/32 MP: 4/4
    67 | D        | Reached XP level 5. HP: 11/37 MP: 5/5
    77 | D        | Killed an ogre
    77 | D        | Reached skill level 9 in Short Blades
    77 | D        | Reached skill level 5 in Dodging
    77 | D        | Reached XP level 6. HP: 10/44 MP: 6/6
    88 | D        | Killed from afar by a white imp

Illustrated notes

Levels and vault maps discovered:
D:        linesprint [early_d, line_temple, items_1, d_10, items_2, lair_1,
          lair_end, items_3, orc_1, orc_end, items_4, d_15, swamp_1, shoals_1,
          snake_1, spider_1, d_20, vaults_1, items_5, swamp_end, shoals_end,
          snake_end, spider_end, vaults_end, d_27, items_6, zot_1, zot_end,
          crypt_end, forest_end, elf_end, slime_end, tomb_end, abyss_end,
          pan_hell_end]

Skill      XL: |  1  2  3  4  5 |
---------------+----------------+-----
Fighting       | 4 6 8 |  8.0
Short Blades   | 5 8 9 |  9.9
Dodging        | 3 4 5 |  5.7
Armour         | 2 3 |  3.3

Action                   |  1- 3 |  4- 6 || total
-------------------------+-------+-------++-------
Melee: Short sword       |    31 |    19 ||    50
Invok: Berserk           |     1 |       ||     1
  Use: Potion            |       |     1 ||     1
Armor: Animal skin       |     5 |       ||     5
Dodge: Dodged            |     8 |    12 ||    20

Table legend: (Time is in decaauts)
 A = Elapsed time spent in this place.
 B = Non-inter-level travel time spent in this place.
 C = Inter-level travel time spent in this place.
 D = Time resting spent in this place.
 E = Time spent auto-exploring this place.
 F = Levels seen in this place.
 G = Mean time per level.
                   A        B        C        D        E       F      G
               +--------+--------+--------+--------+--------+-----+--------+
         Total |     77 |     77 |      0 |     24 |      3 |   1 |   77.0 |
       Dungeon |     77 |     77 |      0 |     24 |      3 |   1 |   77.0 |
               +--------+--------+--------+--------+--------+-----+--------+

Top non-repeatable levels by time:
       D: 77 daAuts
